 Dungeon Crawl Stone Soup version 0.31-a0-806-g0bc164a743 (webtiles) character file.

Game seed: 11324013844640761297

2801 javelincjr the Ruffian (level 9, -1/63 (74) HPs)
             Began as a Green Draconian Shapeshifter on Sept 20, 2023.
             Was a Follower of Makhleb.
             Slain by a wight
             ... wielding a +4 dagger of freezing
              (2 damage)
             ... on level 7 of the Dungeon.
             The game lasted 00:21:40 (6108 turns).

javelincjr the Ruffian (DrSh)                       Turns: 6108, Time: 00:21:40

HP:   -1/63 (74)    AC:  7    Str: 20    XL:     9   Next: 44%
MP:   10/10         EV: 12    Int: 10    God:    Makhleb [*.....]
Gold: 349           SH:  7    Dex: 12    Spells: 8/8 levels left

rFire   . . .        K - +2 hand axe (vamp)
rCold   . . .        P - +0 kite shield
rNeg    . . .        (body armour unavailable)
rPois   +            (helmet currently unavailable)
rElec   .            q - melded scarf {rC+ rF+}
rCorr   .            (gloves currently unavailable)
SInv    .            (boots currently unavailable)
Will    .....        (no amulet)
Stlth   ++           F - ring of wizardry
HPRegen 0.30/turn    (no ring)
MPRegen 0.12/turn

%: wizardry (x1)
@: beast-form, heavily drained
A: beast (slay +3), breathe noxious fumes, AC +7, unfitting armour, poison
resistance, cold-blooded
a: Breathe Noxious Fumes, Begin Untransformation, Renounce Religion


You were on level 7 of the Dungeon.
You worshipped Makhleb.
Makhleb was aware of your devotion.
You were a hulking beast.
You visited 2 branches of the dungeon, and saw 8 of its levels.
You also visited: Ossuary.

You collected 349 gold pieces.

Inventory:

Hand Weapons
 h - a +1 mace of protection
 B - a +2 dagger of flaming
 J - a +2 hand axe of flaming
 K - a +2 vampiric hand axe (weapon)
Missiles
 d - 3 poisoned darts
 E - 2 javelins
 H - 5 boomerangs
Armour
 g - +0 steam dragon scales
 q - a scarf of resistance (melded)
 G - a +0 pair of gloves
 P - a +0 kite shield (worn)
Jewellery
 i - an amulet of faith
 F - a ring of wizardry (left hand)
 Q - the ring "Ethocav" {rPois Int+3}
   (You found it on level 7 of the Dungeon)

   [ring of poison resistance]

   Int+3:     It affects your intelligence (+3).
   rPois:     It protects you from poison
Talismans
 b - a beast talisman (active)
 c - a flux talisman
 C - a blade talisman
Wands
 y - a wand of paralysis (2)
 D - a wand of flame (34)
Scrolls
 k - 2 scrolls of fog
 m - 2 scrolls of noise {unknown}
 n - 6 scrolls of immolation
 p - a scroll of brand weapon {unknown}
 r - 2 scrolls of silence {unknown}
 u - a scroll of poison {unknown}
 v - a scroll of vulnerability {unknown}
 w - 2 scrolls of enchant armour {unknown}
 x - a scroll of enchant weapon {unknown}
 I - 2 scrolls of teleportation {unknown}
 L - a scroll of butterflies {unknown}
 N - a scroll of blinking {unknown}
Potions
 a - a potion of lignification
 e - 4 potions of curing
 f - a potion of invisibility {unknown}
 j - 3 potions of degeneration
 l - 2 potions of haste {unknown}
 o - a potion of berserk rage {unknown}
 s - a potion of heal wounds {unknown}
 t - 2 potions of enlightenment {unknown}
 z - 2 potions of brilliance {unknown}
 A - a potion of magic {unknown}
 M - 4 potions of attraction {unknown}
 O - a potion of might {unknown}


   Skills:
 + Level 5.5 Fighting
 + Level 4.8 Dodging
 + Level 4.2 Stealth
 + Level 1.3 Shields
 * Level 7.5 Unarmed Combat
 + Level 1.4 Invocations
 * Level 6.9 Shapeshifting


You had 8 spell levels left.
You didn't know any spells.
Your spell library contained the following spells:

 Spells                   Type           Power      Damage    Failure   Level
 Magic Dart               Conj           0%         1d3       36%         1
 Sandblast                Erth           0%         2d4       36%         1
 Ensorcelled Hibernation  Hex/Ice        0%         N/A       50%         2
 Jinxbite                 Hex            0%         N/A       50%         2
 Passwall                 Tmut/Erth      0%         N/A       50%         2
 Searing Ray              Conj           0%         2d4       50%         2
 Static Discharge         Conj/Air       0%         2-2/arc   50%         2
 Stone Arrow              Conj/Erth      0%         3d7       71%         3
 Airstrike                Air            0%         2d(0-16)  98%         4
 Anguish                  Hex/Necr       0%         N/A       98%         4
 Brom's Barrelling Bould  Conj/Erth      0%         2d3       98%         4
 Fulminant Prism          Conj/Hex       0%         3d5       98%         4
 Summon Lightning Spire   Summ/Air       0%         N/A       98%         4


Dungeon Overview and Level Annotations

Branches:
Dungeon (7/15)             Temple (1/1) D:6         Ossuary (visited)

Altars:
Ashenzari
Cheibriados
Dithmenos
Elyvilon
Fedhas
Gozag
Hepliaklqana
Kikubaaqudgha
Makhleb
Nemelex Xobeh
Okawaru
Qazlal
Ru
Sif Muna
Trog
Uskayaw
Wu Jian
Xom
Yredelemnul
Zin
The Shining One

Annotations:
D:3 3 runed translucent doors, freelancePsychic's ghost, amateur DEAE


Innate Abilities, Weirdness & Mutations

You are a hulking beast.
Your limbs bulge with bestial killing power. (Slay +3)
You can breathe blasts of noxious fumes.
Your lurid green scales are hard. (AC +7)
You cannot fit into any form of body armour.
Your system is resistant to poisons. (rPois)
You are cold-blooded and may be slowed by cold attacks.


Message History

You hit the wight.
You destroy the wight!
Makhleb accepts your kill.
The wight hits you with a +4 dagger of freezing.
The wight freezes you.
* * * LOW HITPOINT WARNING * * *
You hit the wight but do no damage.
The wight is moderately damaged.
The wight hits you with a +4 dagger of freezing.
* * * LOW HITPOINT WARNING * * *
You feel drained.
* * * LOW HITPOINT WARNING * * *
You feel yourself slow down. The wight freezes you.
* * * LOW HITPOINT WARNING * * *
You closely miss the wight.
The wight is moderately damaged.
You feel yourself speed up. The wight misses you. You block the wight's attack.
The wight hits you with a +4 dagger of freezing!
* * * LOW HITPOINT WARNING * * *
The wight freezes you.
* * * LOW HITPOINT WARNING * * *
It was a potion of curing.
You feel better.
The wight hits you with a +4 dagger of freezing.
* * * LOW HITPOINT WARNING * * *
You feel drained. The wight freezes you.
* * * LOW HITPOINT WARNING * * *
Aiming: Paralyse
Press: ? - help, Q - select action, (/) - cycle Shift-Dir - straight line, f - wight
Aim: a wight, wielding a +4 dagger of freezing and wearing a +0 robe (moderately damaged, chance to affect: 49%)
The wight resists with some effort.
The wight barely misses you.
Aiming: Paralyse
Press: ? - help, Q - select action, (/) - cycle Shift-Dir - straight line, f/p - wight
Aim: a wight, wielding a +4 dagger of freezing and wearing a +0 robe (moderately damaged, chance to affect: 49%)
The wight resists with some effort.
The wight hits you with a +4 dagger of freezing.
* * * LOW HITPOINT WARNING * * *
You feel drained.
You die...

............# ...........#
..........# #.........##
..####....#.....#
...........#.$...#
.#.♣.♣.#...?.....##
...........z)#.....###
..♣.♣.♣.♣...h........## .
.#...._...........#....#..
....♣.♣.♣.♣.......##.......
#..........................
....#.♣.♣.#................
................>..........
.....#..........÷.....####.
.........##....#.....##
..........#.#..#.....#


You could see a wight.

Vanquished Creatures
  Maggie (D:6)
  Grinder (D:6)
  A steam dragon (D:7)
  2 orc warriors
  A sky beast (D:6)
  2 black bears (D:4)
  3 ogres
  A centaur (D:5)
  A phantom (D:4)
  A bullfrog (D:7)
  2 water moccasin zombies (Ossuary)
  6 scorpions
  3 wights (D:7)
  2 hounds (D:6)
  2 jellies
  2 orc priests
  A sleepcap (D:4)
  4 iguanas
  Ijyb (D:5)
  5 orc wizards
  2 mummies (Ossuary)
  3 adders
  A gnoll (D:1)
  A shadow imp (D:7)
  A white imp (D:6)
  An ufetubus (D:6)
  An adder zombie (Ossuary)
  4 worms
  2 dart slugs (D:3)
  13 orcs
  13 endoplasms
  3 giant cockroaches
  11 goblins
  7 hobgoblins
  4 jackals (D:1)
  6 quokkas
  A ball python (D:2)
  5 bats
  2 frilled lizards
  4 gnoll zombies (Ossuary)
  A goblin zombie (D:6)
  7 hobgoblin zombies (Ossuary)
  6 kobolds
  3 kobold zombies (Ossuary)
  9 orc zombies (Ossuary)
  A quokka zombie (D:6)
  5 rats
159 creatures vanquished.

Notes
Turn   | Place    | Note
-------+----------+-------------------------------------------
     0 | D:1      | javelincjr the Draconian Shapeshifter began the quest for
                  | the Orb.
     0 | D:1      | Reached XP level 1. HP: 16/16 MP: 1/1
   131 | D:1      | Reached XP level 2. HP: 9/23 MP: 2/2
   477 | D:1      | Reached XP level 3. HP: 29/29 MP: 3/3
  1087 | D:2      | Reached XP level 4. HP: 36/36 MP: 4/4
  1719 | D:3      | Found a runed translucent gate.
  1719 | D:3      | Noticed freelancePsychic's ghost (amateur DEAE)
  1720 | D:3      | Found a runed translucent gate.
  1721 | D:3      | Found a runed translucent gate.
  1721 | D:3      | Noticed a scorpion
  1979 | D:3      | Found a sparkling altar of Nemelex Xobeh.
  2126 | D:3      | Noticed an ogre
  2133 | D:3      | Killed an ogre
  2134 | D:3      | Reached skill level 4 in Unarmed Combat
  2134 | D:3      | Reached XP level 5. HP: 19/42 MP: 5/5
  2300 | D:3      | You fall into a shaft and drop 1 floor!
  2324 | D:4      | Noticed a black bear
  2336 | D:4      | Killed a black bear
  2337 | D:4      | Reached skill level 1 in Stealth
  2338 | D:4      | Reached XP level 6. HP: 45/50 MP: 6/6
  2352 | D:4      | Found a bloodstained altar of Trog.
  2361 | D:4      | Reached skill level 5 in Unarmed Combat
  2361 | D:4      | Your scales start taking on a lurid green colour.
  2361 | D:4      | Reached XP level 7. HP: 43/57 MP: 7/7
  2361 | D:4      | Gained mutation: Your system is resistant to poisons.
                  | (rPois) [Green Draconian growth]
  2584 | D:4      | Found a blossoming altar of Fedhas.
  2649 | D:4      | Found a white marble altar of Elyvilon.
  2795 | D:4      | Reached skill level 5 in Shapeshifting
  3063 | D:5      | Entered Level 5 of the Dungeon
  3171 | D:5      | Noticed Ijyb
  3177 | D:5      | Paralysed by Ijyb for 3 turns
  3182 | D:5      | Paralysed by Ijyb for 2 turns
  3187 | D:5      | Killed Ijyb
  3385 | D:5      | Reached XP level 8. HP: 66/66 MP: 8/8
  3610 | D:5      | Reached skill level 6 in Unarmed Combat
  3729 | D:5      | Found an ancient bone altar of Kikubaaqudgha.
  3927 | D:5      | Found a sacrificial altar of Ru.
  4300 | D:6      | Identified the +0 plate armour "Waifasoc" {Fly Will- Dex+3
                  | Slay+3}
  4389 | D:6      | Found a staircase to the Ecumenical Temple.
  4408 | Temple   | Entered the Ecumenical Temple
  4416 | Temple   | Became a worshipper of Makhleb the Destroyer
  4429 | D:6      | Noticed Maggie
  4456 | D:6      | Killed Maggie
  4651 | D:6      | Noticed Grinder
  4659 | D:6      | Killed Grinder
  4660 | D:6      | Reached skill level 5 in Fighting
  4805 | D:6      | Reached skill level 7 in Unarmed Combat
  4811 | D:6      | Reached XP level 9. HP: 74/74 MP: 9/9
  4856 | D:6      | Found a sand-covered staircase.
  4864 | Ossuary  | Entered an ossuary
  4971 | Ossuary  | Reached * piety under Makhleb
  5262 | D:6      | Found a stormy altar of Qazlal.
  5378 | D:6      | Found a shimmering altar of Xom.
  5378 | D:6      | Found a faded altar of an unknown god.
  5388 | D:6      | Found an ornate altar of the Wu Jian Council.
  5390 | D:6      | Found a shimmering blue altar of Sif Muna.
  5392 | D:6      | Found a faded altar of an unknown god.
  5468 | D:6      | Found a broken altar of Ashenzari.
  5473 | D:6      | Found a glowing silver altar of Zin.
  5731 | D:7      | Reached skill level 1 in Shields
  5731 | D:7      | Reached skill level 1 in Invocations
  5739 | D:7      | Found an iron altar of Okawaru.
  5792 | D:7      | HP: 2/71 [orc warrior/arrow (8)]
  6049 | D:7      | Identified the ring "Ethocav" {rPois Int+3}
  6105 | D:7      | HP: 3/66 [wight/+4 dagger of freezing (7)]
  6108 | D:7      | HP: 1/65 [wight/+4 dagger of freezing (4)]
  6108 | D:7      | Slain by a wight

Illustrated notes

Levels and vault maps discovered:
D:1:      ebering_trefoil_twist, layout_basic
D:2:      layout_basic, chequers_hall_statues_y
D:3:      layout_basic, nemelex_diamond_rough_becter, gammafunk_ghost_split,
          minmay_ogre_servants
D:4:      layout_loops_cross, lemuel_crystal_altar, trog_ov_bears_minmay,
          mainiacjoe_overflow_alcove_4
D:5:      layout_basic, lemuel_coloured_pillars_altar,
          mainiacjoe_overflow_surrounded_room, uniq_ijyb
D:6:      layout_basic, mainiacjoe_overflow_alcove_1,
          chequers_temple_overflow_minitemple, mainiacjoe_overflow_big_doors,
          minmay_temple_entry_slanted, enter_ossuary_4, uniq_maggie,
          uniq_grinder
D:7:      layout_cave_pools, okawaru_trees_1, st_stairs_14
Temple:   nicolae_temple_colour_theory

Skill      XL: |  1  2  3  4  5  6  7  8  9 |
---------------+----------------------------+-----
Dodging        | 2 3 4 |  4.8
Fighting       | 2 3 4 5 |  5.5
Unarmed Combat | 4 5 7 |  7.5
Shapeshifting  | 4 5 6 |  6.9
Stealth        | 1 2 3 4 |  4.2
Shields        | 1 |  1.3
Invocations    | 1 |  1.4

Action                     |  1- 3 |  4- 6 |  7- 9 || total
---------------------------+-------+-------+-------++-------
  Melee: Unarmed           |    25 |       |       ||    25
         Tailslap          |    14 |    11 |    50 ||    75
         Punch             |     4 |     2 |    15 ||    21
         Mace              |    79 |    73 |   127 ||   279
         Hand axe          |       |       |   160 ||   160
Ability: Begin Untransform |     1 |       |       ||     1
         Breathe Noxious F |       |       |     7 ||     7
  Evoke: Wand              |       |       |     2 ||     2
    Use: Scroll            |       |       |     3 ||     3
         Potion            |       |       |     1 ||     1
   Stab: Sleeping          |       |     1 |     7 ||     8
         Confused          |       |       |     1 ||     1
 Armour: Skin              |    67 |    50 |   190 ||   307
  Dodge: Dodged            |    82 |    74 |   183 ||   339
  Block: Kite shield       |       |       |    29 ||    29
   Form: Beast             |       |     1 |       ||     1

Table legend: (Time is in decaauts)
 A = Elapsed time spent in this place.
 B = Non-inter-level travel time spent in this place.
 C = Inter-level travel time spent in this place.
 D = Time resting spent in this place.
 E = Time spent auto-exploring this place.
 F = Levels seen in this place.
 G = Mean time per level.
                   A        B        C        D        E       F      G
               +--------+--------+--------+--------+--------+-----+--------+
         Total |   6279 |   6073 |    206 |    221 |   4500 |   9 |  697.7 |
       Dungeon |   5931 |   5740 |    191 |    221 |   4288 |   7 |  847.3 |
        Temple |     18 |      3 |     15 |      0 |      0 |   1 |   18.0 |
       Ossuary |    329 |    329 |      0 |      0 |    212 |   1 |  329.0 |
               +--------+--------+--------+--------+--------+-----+--------+

Top non-repeatable levels by time:
     D:6: 1320 daAuts
     D:5: 1205 daAuts
     D:2: 1058 daAuts
     D:4: 786 daAuts
     D:1: 686 daAuts
     D:3: 606 daAuts
 Ossuary: 329 daAuts
     D:7: 267 daAuts
  Temple: 18 daAuts
